 Dungeon Crawl Stone Soup version 0.20-a0-9-g62d82d9 (webtiles) character file.

760 kroki the Insei (level 7, -3/45 HPs)
             Began as an Octopode Transmuter on Nov 1, 2016.
             Was an Initiate of Gozag.
             Engulfed by a steam dragon's steam (5 damage)
             ... on level 5 of the Dungeon.
             The game lasted 00:11:31 (5999 turns).

kroki the Insei (Octopode Transmuter)               Turns: 5999, Time: 00:11:32

Health: -3/45      AC:  2    Str: 10    XL:     7   Next: 80%
Magic:  8/11       EV: 21    Int: 16    God:    Gozag
Gold:   588        SH:  0    Dex: 18    Spells: 2 memorised, 6 levels left

rFire  . . .     SeeInvis .       - Unarmed
rCold  . . .     Gourm    .     (shield currently unavailable)
rNeg   . . .     Faith    .     (helmet currently unavailable)
rPois  x         Spirit   .     (no amulet)
rElec  .         Reflect  .     e - ring of wizardry {Wiz+, !d}
rCorr  .         Harm     .     (no ring)
MR     .....                    (no ring)
Stlth  +++.......               (no ring)
                                (no ring)
                                (no ring)
                                (no ring)
                                (no ring)

@: spider-form (expiring), very slightly contaminated, hasted, invisible, very
quick
A: almost no armour, stealthy swim, (amphibious), 8 rings, (constrict 8),
(camouflage 0), (gelatinous body 0)
a: End Transformation, Potion Petition, Call Merchant, Bribe Branch, Renounce
Religion


You were on level 5 of the Dungeon.
You worshipped Gozag.
Gozag was pleased with you.
You were not hungry.
You were a venomous arachnid creature.
You visited 2 branches of the dungeon, and saw 6 of its levels.

You collected 607 gold pieces.
You paid 19 gold pieces to Gozag.

Inventory:

Missiles
 a - 16 arrows
Armour
 f - a +2 hat (melded)
   (You found it on level 1 of the Dungeon)
Jewellery
 e - a ring of wizardry (left front leg) {Wiz+, !d}
   (You found it on level 1 of the Dungeon)
Scrolls
 g - 3 scrolls of identify
 h - a scroll of random uselessness {unknown}
 o - a scroll of amnesia
Potions
 d - a potion of lignification {!q}
 l - 3 potions of flight
 q - 2 potions of mutation {!q}
Books
 b - a book of Changes
Comestibles
 c - 5 bread rations {@e1}
 i - a meat ration {@e2}
 r - 2 fruits


   Skills:
 + Level 2.8 Fighting
 + Level 3.3 Dodging
 - Level 4.4 Stealth
 * Level 5.9 Unarmed Combat
 - Level 2.6 Spellcasting
 * Level 3.2 Transmutations
 - Level 2.6 Poison Magic


You had 6 spell levels left.
You knew the following spells:

 Your Spells              Type           Power        Failure   Level  Hunger
c - Spider Form           Tmut/Pois      ##........   16%         3    ###....
s - Sticks to Snakes      Tmut           ##......     10%         2    ##.....


Dungeon Overview and Level Annotations

Branches:
Dungeon (5/15)             Temple (1/1) D:4

Altars:
Gozag
Kikubaaqudgha
Makhleb
Sif Muna

Annotations:
D:3 exclusions: door and water moccasin
D:5 Raws's ghost, amateur DsFi


Innate Abilities, Weirdness & Mutations

You cannot wear most types of armour.
You are very stealthy in the water. (Stealth+)
((You are amphibious.))
You can wear up to eight rings at the same time.
((You can use your tentacles to constrict eight enemies at once.))
((Your skin changes colour to match your surroundings (Stealth+).))
((Your rubbery body absorbs attacks. (AC +1, EV +1)))


Message History

You kill the worker ant!
Your Transmutations skill increases to level 3!
You swing at nothing.
You are feeling hungry.
You regained 3 hp, and now have 38/45 hp.
You now have 558 gold pieces (gained 23).
You now have 573 gold pieces (gained 15).
Found a stone staircase leading down.
Health restored: 45
g - 3 scrolls of identify (gained 1)
An ogre comes into view. It is wielding a giant club.
The ogre shouts!
Okay, then.
You create a snake!
You now have 17 arrows.
You now have 9/11 mp.
Casting: Sticks to Snakes You create a snake!
You now have 16 arrows.
You now have 7/11 mp.
The ogre misses your ball python.
Your ball python bites the ogre.
The ogre closely misses your ball python.
Your adder bites the ogre.
Your ball python bites the ogre.
Your adder bites the ogre but does no damage.
Your ball python bites the ogre. x2
Your adder bites the ogre.
Your ball python bites the ogre.
Your adder bites the ogre.
The ogre is poisoned.
Your adder poisons the ogre!
Your adder bites the ogre.
Your adder bites the ogre.
Your ball python bites the ogre.
Your ball python bites the ogre.
You bludgeon the ogre!
You kill the ogre!
You swap places.
You now have 588 gold pieces (gained 15).
You see here a giant club.
Your ball python withers and dies!
Your adder withers and dies!
Found an escape hatch in the floor.
MP restored: 11 You are feeling very hungry.
A steam dragon comes into view.
The steam dragon hisses angrily.
A steam dragon is nearby!
Unknown command.
You aren't carrying any items that you can evoke.
Unknown command.
Okay, then.
You aren't carrying any items that you can evoke.
Unknown command.
Okay, then.
You feel yourself speed up.
You are very lightly contaminated with residual magic.
Unknown command.
Casting: Sticks to Snakes
Okay, then.
You start eating one of the 3 fruits.
That choko was very bland.
Casting: Sticks to Snakes You turn into a venomous arachnid creature.
Your +2 hat melds into your body.
You now have 8/11 mp.
The steam dragon breathes steam at you. The ball of steam hits you!
You take 21 damage, and have 24/45 hp.
MASSIVE DAMAGE!!
Your transformation is almost over.
You hit the steam dragon but do no damage.
The steam dragon is poisoned.
The steam dragon misses you. The steam dragon closely misses you.
You hit the steam dragon.
The steam dragon looks even sicker.
The steam dragon completely misses you.
The steam dragon claws you but does no damage.
You hit the steam dragon but do no damage.
You hit the steam dragon but do no damage.
The steam dragon looks as sick as possible!
The steam dragon bites you. The steam dragon closely misses you.
You take 2 damage, and have 22/45 hp.
You barely miss the steam dragon. You bite the steam dragon!
The steam dragon looks as sick as possible!
The steam dragon barely misses you. The steam dragon claws you.
You take 1 damage, and have 21/45 hp.
You barely miss the steam dragon. The steam dragon breathes steam at you.
The ball of steam hits you!
* * * LOW HITPOINT WARNING * * *
You take 16 damage, and have 5/45 hp.
MASSIVE DAMAGE!!
Unknown command.
You barely miss the steam dragon.
You are engulfed in a cloud of scalding steam.
* * * LOW HITPOINT WARNING * * *
The steam dragon misses you. The steam dragon completely misses you.
You take 4 damage, and have 2/45 hp.
Unknown command.
It was a potion of invisibility.
You fade into invisibility!
You die...
Your body crumbles into a pile of gold.

#####......#
##.(........#
............#
.#..........###
........!?....!
.#......$...#
............####
##.....s§§......
$
......§D.§.§####
.#..####§#####
....###..#
#.....###
#...#...#
#..####.### #.#
#...## ...
###..###


You could see a steam dragon.

Vanquished Creatures
  A water moccasin (D:3)
  An ogre (D:5)
  A scorpion (D:5)
  A howler monkey (D:4)
  A crimson imp (D:5)
  3 hounds
  A bullfrog skeleton (D:4)
  A jelly (D:4)
  Jessica (D:2)
  Terence (D:2)
  3 worker ants
  2 orc wizards (D:4)
  Robin (D:2)
  8 adders
  An ooze (D:3)
  An adder skeleton (D:4)
  2 worms (D:2)
  3 dart slugs
  2 leopard geckos
  12 orcs
  A ball python (D:4)
  2 giant cockroaches (D:2)
  11 goblins
  6 hobgoblins
  4 jackals
  A quokka (D:2)
  9 bats
  9 frilled lizards
  5 kobolds
  2 leopard gecko skeletons (D:4)
  10 rats
107 creatures vanquished.

Notes
Turn   | Place    | Note
-------+----------+-------------------------------------------
     0 | D:1      | kroki the Octopode Transmuter began the quest for the Orb.
     0 | D:1      | Reached XP level 1. HP: 13/13 MP: 3/3
   346 | D:1      | HP: 3/13 [kobold/short sword (1)]
   392 | D:1      | HP: 1/13 [kobold/short sword (3)]
   520 | D:1      | Reached skill level 1 in Stealth
   523 | D:1      | HP: 3/13 [kobold/short sword (2)]
   930 | D:1      | Reached XP level 2. HP: 18/18 MP: 5/5
  1117 | D:1      | Reached skill level 2 in Stealth
  1596 | D:1      | Learned a level 2 spell: Sticks to Snakes
  1653 | D:2      | Noticed Terence
  1658 | D:2      | Reached XP level 3. HP: 15/23 MP: 6/6
  1929 | D:1      | Reached skill level 3 in Stealth
  1996 | D:2      | Killed Terence
  1996 | D:2      | Reached XP level 4. HP: 25/28 MP: 7/7
  2001 | D:2      | Reached skill level 4 in Unarmed Combat
  2007 | D:2      | Learned a level 3 spell: Spider Form
  2276 | D:2      | Found an opulent altar of Gozag.
  2290 | D:2      | Reached skill level 1 in Poison Magic
  2326 | D:2      | Became a worshipper of Gozag Ym Sagoz the Greedy
  2430 | D:2      | Noticed Jessica
  2439 | D:2      | Killed Jessica
  2439 | D:2      | Reached skill level 4 in Stealth
  2439 | D:2      | Reached skill level 2 in Poison Magic
  2439 | D:2      | Reached XP level 5. HP: 29/33 MP: 4/8
  2627 | D:2      | Noticed Robin
  2639 | D:2      | Killed Robin
  3333 | D:3      | Found a burning altar of Makhleb.
  3534 | D:3      | Reached XP level 6. HP: 35/38 MP: 9/9
  3543 | D:3      | Noticed a water moccasin
  3706 | D:3      | Killed a water moccasin
  3706 | D:3      | Reached skill level 5 in Unarmed Combat
  4206 | D:4      | Reached skill level 2 in Fighting
  4339 | D:4      | Found a staircase to the Ecumenical Temple.
  4698 | D:4      | Reached XP level 7. HP: 45/45 MP: 9/11
  5469 | Temple   | Entered the Ecumenical Temple
  5485 | D:5      | Entered Level 5 of the Dungeon
  5563 | D:5      | Reached skill level 3 in Dodging
  5616 | D:5      | Noticed Raws's ghost (amateur DsFi)
  5817 | D:5      | Reached skill level 3 in Transmutations
  5977 | D:5      | Noticed a steam dragon
  5996 | D:5      | HP: 5/45 [steam dragon/ball of steam (16)]
  5998 | D:5      | HP: 2/45 [steam dragon] (4)]
  5999 | D:5      | Engulfed by a steam dragon's steam

Vault maps used:
D:1:      dpeg_arrival_pond, hangedman_decor_growths
D:2:      overflow_temple_1_default, uniq_jessica, uniq_terence, uniq_robin
D:3:      makhleb_blood_cavern_becter
D:4:      first_bread
D:5:      lemuel_coloured_pillars_altar, kennysheep_mini
Temple:   nicolae_temple_hex_pool

Skill      XL: |  1  2  3  4  5  6  7 |
---------------+----------------------+-----
Stealth        | 1 2 3 4 |  4.4
Unarmed Combat | 4 5 |  5.9
Poison Magic   | 2 |  2.6
Fighting       | 2 |  2.8
Dodging        | 3 |  3.3
Transmutations | 3 |  3.2
Spellcasting   | |  2.6

Action                   |  1- 3 |  4- 6 |  7- 9 || total
-------------------------+-------+-------+-------++-------
Melee: Unarmed           |    77 |   140 |    58 ||   275
       Constrict         |    10 |    12 |    14 ||    36
       Tentacles         |     3 |     7 |    11 ||    21
       Kick              |    11 |     4 |       ||    15
       Punch             |       |     2 |     1 ||     3
 Cast: Beastly Appendage |     7 |     1 |       ||     8
       Spider Form       |       |    15 |     1 ||    16
       Sticks to Snakes  |       |     4 |     2 ||     6
Invok: Potion Petition   |       |     1 |       ||     1
 Abil: End Transformatio |       |     1 |       ||     1
  Use: Scroll            |       |    10 |       ||    10
       Potion            |       |       |     2 ||     2
 Stab: Sleeping          |       |     4 |     4 ||     8
  Eat: Chunk             |     3 |     3 |       ||     6
       Meat ration       |       |     2 |       ||     2
       Fruit             |       |       |     1 ||     1
       Beef jerky        |       |       |     1 ||     1
Armor: Skin              |    26 |    24 |     3 ||    53
Dodge: Dodged            |    62 |   112 |    30 ||   204

Vault maps used:
D:1:      dpeg_arrival_pond, hangedman_decor_growths
D:2:      overflow_temple_1_default, uniq_jessica, uniq_terence, uniq_robin
D:3:      makhleb_blood_cavern_becter
D:4:      first_bread
D:5:      lemuel_coloured_pillars_altar, kennysheep_mini
Temple:   nicolae_temple_hex_pool

Table legend:
 A = Turns spent in this place as a percentage of turns spent in the entire game.
 B = Non-inter-level travel turns spent in this place as a percentage of non-inter-level travel turns spent in the entire game.
 C = Inter-level travel turns spent in this place as a percentage of turns spent in this place.
 D = Turns resting spent in this place as a percentage of non-inter-level travel turns spent in this place.
 E = Turns spent auto-exploring this place as a percentage of non-inter-level travel turns spent in this place.
 F = Non-inter-level travel turns spent in this place divided by the number of levels of this place that you've seen.
                   A       B       C       D       E      F
               +-------+-------+-------+-------+-------+----------------------
         Total | 100.0 | 100.0 |   1.1 |   1.0 |   8.4 | 296.7
       Dungeon |  99.9 |  99.9 |   1.1 |   1.0 |   8.4 | 355.6
        Temple |   0.1 |   0.1 |   0.0 |   0.0 |   0.0 |   2.0
               +-------+-------+-------+-------+-------+----------------------

Table legend:
 A = Kills in this place as a percentage of kills in entire the game.
 B = Kills by you in this place as a percentage of kills by you in the entire game.
 C = Kills by friends in this place as a percentage of kills by friends in the entire game.
 D = Other kills in this place as a percentage of other kills in the entire game.
 E = Experience gained in this place as a percentage of experience gained in the entire game.
 F = Experience gained in this place divided by the number of levels of this place that you have seen.
                   A       B       C       D       E      F
               +-------+-------+-------+-------+-------+----------------------
         Total | 100.0 | 100.0 |  -nan |  -nan | 100.0 | 181.2
       Dungeon | 100.0 | 100.0 |  -nan |  -nan | 100.0 | 217.4
               +-------+-------+-------+-------+-------+----------------------
